 Dungeon Crawl Stone Soup version 0.30.0-15-g856e2d3f33 (webtiles) character file.

Game seed: 4888755269769261342

51506 dialectric the Fencer (level 14, -2/111 HPs)
             Began as a Demonspawn Fighter on May 18, 2023.
             Was the Champion of Okawaru.
             Slain by a 13-headed hydra (5 damage)
             ... on level 13 of the Dungeon.
             The game lasted 00:39:53 (21391 turns).

dialectric the Fencer (Demonspawn Fighter)         Turns: 21391, Time: 00:39:54

Health: -2/111     AC: 10    Str: 17    XL:     14   Next: 23%
Magic:  0/29       EV: 17    Int: 14    God:    Okawaru [******]
Gold:   1935       SH:  0    Dex: 19    Spells: 13/13 levels left

rFire   . . .        X - +9 scimitar (spect)
rCold   . . .        (no shield)
rNeg    . . .        L - +0 ring mail of Noughts and Crosses {+Blink rC+ Slay+2}
rPois   .            t - +0 helmet
rElec   .            Y - scarf {repulsion}
rCorr   .            D - +0 pair of gloves
SInv    .            (boots unavailable)
Will    +....        M
                       - Hermit's Pendant {Faith Invo=14 Evo=0 MP+5}
Stlth   +            q - +6 ring of dexterity
HPRegen 0.38/turn    S - +5 ring of evasion
MPRegen 0.42/turn

%: random rage (3%), repel missiles, guardian spirit, faith
@: studying Polearms
A: hooves 3, icy blue scales 2, magic shield, magic regeneration, berserk 1,
clever 1, deformed body, weak 1, cold vulnerability 1
a: Renounce Religion, Evoke Blink, Heroism, Finesse, Duel


You were on level 13 of the Dungeon.
You worshipped Okawaru.
Okawaru was exalted by your worship.
You visited 3 branches of the dungeon, and saw 20 of its levels.
You also visited: Ossuary and Bailey.

You collected 1963 gold pieces.
You spent 28 gold pieces at shops.

Inventory:

Hand Weapons
 z - a +2 short sword of electrocution
 T - the +9 great sword of Overwhelming Force {heavy, rPois rN+}
   (Okawaru gifted it to you on level 1 of the Lair of Beasts)

   rPois:     It protects you from poison.
   rN:        It protects you from negative energy.
 X - a +9 spectral scimitar (weapon)
Missiles
 i - 74 poisoned darts (quivered)
 J - 16 boomerangs of dispersal
 P - 3 atropa-tipped darts
Armour
 b - the +3 hat of Pondering {ponderous, Will+ MP+10 Int+5}
   (You took it off Gastronok on level 3 of the Lair of Beasts)

   Int:       It affects your intelligence (+5).
   MP:        It affects your magic capacity (+10).
   Will:      It increases your willpower.
 c - a +0 buckler
 t - a +0 helmet (worn)
 x - a scarf of harm
 y - a +1 pair of boots
 D - a +0 pair of gloves (worn)
 F - a +0 plate armour
 L - the +0 ring mail of Noughts and Crosses (worn) {+Blink rC+ Slay+2}
   (You found it on level 6 of the Dungeon)

   Slay:      It affects your accuracy & damage with ranged weapons and melee
   (+2).
   rC:        It protects you from cold.
   +Blink:    It lets you blink.
 R - the +0 shadow dragon scales of Avig Saq {Harm Regen+ Int-3 Stlth++++}
   (You found it in a bailey)

   Int:       It affects your intelligence (-3).
   Regen:     It increases your rate of health regeneration.
   Harm:      It increases damage dealt and taken.
   Stlth:     It makes you much more stealthy.
 Y - a scarf of repulsion (worn)
Jewellery
 g - a ring of willpower
 k - a ring of wizardry
 q - a +6 ring of dexterity (left hand)
 A - an amulet of regeneration
 I - a ring of flight
 M - the Hermit's Pendant (around neck) {Faith Invo=14 Evo=0 MP+5}
   (You found it on level 7 of the Dungeon)

   [amulet of faith]

   Invo=14: It sets your Invocations skill to 14.
   Evo=0: It sets your Evocations skill to 0.
   It allows you to gain divine favour quickly.
   MP:        It affects your magic capacity (+5).
 N - a +6 ring of strength
 Q - a +6 ring of strength
 S - a +5 ring of evasion (right hand)
Wands
 a - a wand of flame (20)
 o - a wand of iceblast (8)
 C - a wand of paralysis (2)
 V - a wand of acid (16)
 Z - a wand of mindburst (1)
Scrolls
 d - a scroll of enchant weapon
 f - 18 scrolls of identify
 j - 2 scrolls of silence
 m - 5 scrolls of enchant armour
 s - 4 scrolls of teleportation
 v - a scroll of poison
 w - a scroll of brand weapon
 E - 3 scrolls of amnesia
 G - 2 scrolls of fear
 U - 3 scrolls of immolation
Potions
 e - 6 potions of curing
 h - 2 potions of might
 l - a potion of magic
 n - 12 potions of ambrosia
 p - 3 potions of brilliance
 r - 4 potions of flight
 u - 2 potions of haste
 B - 2 potions of heal wounds
Miscellaneous
 O - a box of beasts


   Skills:
 - Level 10.3 Fighting
 + Level 11.3(14.6) Short Blades
 * Level 15.0(16.4) Long Blades
 - Level 2.0 Throwing
 + Level 10.1 Armour
 - Level 3.1 Dodging
 - Level 2.8 Shields
 - Level 1.0(14.0) Invocations
 - Level 1.0(0.0) Evocations


You had 13 spell levels left.
You didn't know any spells.
Your spell library contained the following spells:

 Spells                   Type           Power      Damage    Failure   Level
 Apportation              Tloc           0%         N/A       43%         1
 Necrotise                Necr           0%         1d4       43%         1
 Ensorcelled Hibernation  Hex/Ice        0%         N/A       56%         2
 Passwall                 Tmut/Erth      0%         N/A       56%         2
 Frozen Ramparts          Ice            0%         1d1       80%         3
 Ozocubu's Armour         Ice            0%         N/A       80%         3
 Portal Projectile        Hex/Tloc       0%         N/A       80%         3
 Spider Form              Tmut/Pois      0%         N/A       80%         3
 Swiftness                Air            0%         N/A       80%         3
 Anguish                  Hex/Necr       0%         N/A       99%         4
 Cause Fear               Hex            0%         N/A       99%         4
 Ice Form                 Ice/Tmut       0%         N/A       99%         4
 Leda's Liquefaction      Hex/Erth       0%         N/A       99%         4
 Enfeeble                 Hex            0%         N/A       100%        7
 Orb of Destruction       Conj           0%         9d5       100%        7
 Ozocubu's Refrigeration  Ice            0%         4d7       100%        7
 Summon Small Mammal      Summ           Unusable   N/A       N/A         1
 Call Canine Familiar     Summ           Unusable   N/A       N/A         3
 Summon Guardian Golem    Hex/Summ       Unusable   N/A       N/A         3
 Summon Ice Beast         Ice/Summ       Unusable   N/A       N/A         4
 Spellforged Servitor     Conj/Summ      Unusable   N/A       N/A         7

Dungeon Overview and Level Annotations

Branches:
Dungeon (13/15)            Temple (0/1) D:4            Lair (5/5) D:8
 Shoals (0/4) Lair:2        Snake (0/4) Lair:3          Orc (2/2) D:9
Ossuary (visited)          Bailey (visited)
  Slime: Lair:4-5       Elf: Orc:2       Vaults: D:13-14

Altars:
Cheibriados
Dithmenos
Gozag
Makhleb
Nemelex Xobeh
Okawaru
Qazlal
Ru
Trog
Wu Jian
Yredelemnul

Shops:
D:9 (   D:11 *

Annotations:
D:4 2 runed translucent doors, AverageBear's ghost, novice OpFi


Innate Abilities, Weirdness & Mutations

You have hooves in place of feet.
You are mostly covered in icy blue scales. (AC +3)
When hurt, damage is shared between your health and your magic reserves.
You regenerate magic rapidly.
You sometimes lose your temper in combat.
Your mind is acute. (Int +4, Str/Dex -1)
Armour fits poorly on your strangely shaped body.
You are weak. (Str -2)
You are vulnerable to cold. (rC-)


Message History

The ten-headed hydra bites you. The ten-headed hydra misses you.
The ten-headed hydra completely misses you.
You are too injured to fight recklessly!
You hack one of the ten-headed hydra's heads off!
The nine-headed hydra grows two more!
You slice the 11-headed hydra!!
The 11-headed hydra is severely wounded.
You are too injured to fight recklessly!
Unknown command.
You are too injured to fight recklessly!
Unknown command.
You lop one of the 11-headed hydra's heads off!
The ten-headed hydra grows two more!
You hit the 12-headed hydra.
The 12-headed hydra is heavily wounded.
The 12-headed hydra closely misses you. The 12-headed hydra bites you!
The 12-headed hydra completely misses you.
The 12-headed hydra bites you!
* * * LOW HITPOINT WARNING * * *
The 12-headed hydra closely misses you.
The 12-headed hydra completely misses you.
The 12-headed hydra bites you.
* * * LOW HITPOINT WARNING * * *
The 12-headed hydra misses you. The 12-headed hydra bites you!
* * * LOW HITPOINT WARNING * * *
The 12-headed hydra bites you!
* * * LOW HITPOINT WARNING * * *
The 12-headed hydra bites you!
* * * LOW HITPOINT WARNING * * *
The 12-headed hydra bites you.
* * * LOW HITPOINT WARNING * * *
You are too injured to fight recklessly!
Unknown command.
You lop one of the 12-headed hydra's heads off!
The 11-headed hydra grows two more!
You slice the 13-headed hydra!! You kick the 13-headed hydra!
The 13-headed hydra is severely wounded.
The 13-headed hydra closely misses you.
The 13-headed hydra bites you but does no damage.
The 13-headed hydra completely misses you.
The 13-headed hydra misses you. The 13-headed hydra bites you.
You die...

###....## ####.####
######### #......#
#.......# #......#
#.......# #......#
#.......# # #......#
#.......# # #>)....###
#.......# #
#......'.#####.......#
#####......#....@DD......#
....'......#######......[#
#####......# #.......#
##'##### ######### #..#
##.# #.# ##'### #....#


You could see a 13-headed hydra and an acid dragon.

Vanquished Creatures
  Gastronok (Lair:3)
  Frances (D:12)
  Snorg (D:12)
  Josephine (Lair:4)
  3 hydras
  A centaur warrior (D:13)
  2 boulder beetles (D:11)
  3 two-headed ogres
  A death yak (Lair:4)
  A tengu warrior (D:11)
  A skyshark (Lair:4)
  An orc knight (Orc:1)
  A death drake (shapeshifter) (D:12)
  2 cyclopes
  An ugly thing (D:13)
  A wolf spider (D:13)
  2 manticores
  7 black mambas
  17 elephants
  A torpor snail (Lair:4)
  9 cane toads
  4 komodo dragons
  An efreet (D:13)
  6 kobold demonologists
  2 unseen horror zombies (D:10)
  A hornet (D:8)
  2 polar bears
  A queen bee (Lair:2)
  4 trolls
  Grinder (D:5)
  A blink frog (Lair:5)
  3 dream sheep
  2 vampires (D:10)
  24 yaks
  4 shadows
  6 wyverns
  9 wraiths
  4 fire bats (D:8)
  4 basilisks
  3 steam dragons
  6 vampire mosquitoes
  Edmund (D:5)
  3 acid dragons
  26 water moccasins
  A hell hound (D:8)
  5 black bears
  An ice beast (D:5)
  13 orc warriors
  9 wolves
  7 ogres
  5 centaurs
  A phantom (D:5)
  10 kobold brigands
  3 elf zombies (Ossuary)
  Blork the orc (D:5)
  9 bullfrogs
  2 gnoll sergeants
  3 scorpions
  3 wights
  26 killer bees
  An electric eel (D:7)
  5 howler monkeys
  6 centaur zombies
  4 orc priests
  A hound (D:5)
  3 sleepcaps
  A gnoll bouda (Lair:2)
  5 jellies
  6 iguanas
  7 orc wizards
  A hound zombie (Ossuary)
  3 mummies (Ossuary)
  10 gnolls
  13 adders
  5 white imps
  An ufetubus (D:5)
  5 adder zombies (Ossuary)
  2 worms (D:3)
  42 orcs
  5 ball pythons
  8 endoplasms
  3 giant cockroaches
  8 goblins
  8 hobgoblins
  4 jackals
  3 quokkas
  3 bats
  2 frilled lizards
  3 gnoll zombies (Ossuary)
  6 goblin zombies (Ossuary)
  2 hobgoblin zombies (Ossuary)
  3 jackal zombies (Ossuary)
  22 kobolds
  2 kobold zombies (Ossuary)
  3 orc zombies (Ossuary)
  3 quokka zombies (Ossuary)
  10 rats
  4 rat zombies (Ossuary)
  2 fire vortices (D:8)
500 creatures vanquished.

Vanquished Creatures (others)
  A gnoll (D:8)
  An adder (Lair:4)
  A fire vortex (D:8)
  2 spectral weapons (D:12)
5 creatures vanquished.

Grand Total: 505 creatures vanquished

Notes
Turn   | Place    | Note
-------+----------+-------------------------------------------
     0 | D:1      | dialectric the Demonspawn Fighter began the quest for the
                  | Orb.
     0 | D:1      | Reached XP level 1. HP: 18/18 MP: 1/1
   363 | D:1      | Gained mutation: You regenerate magic rapidly. [demonic
                  | ancestry]
   363 | D:1      | Reached XP level 2. HP: 18/24 MP: 2/2
   546 | D:1      | Found a faded altar of an unknown god.
   624 | D:1      | Prayed at the altar of an unknown god.
   624 | D:1      | Became a worshipper of Warmaster Okawaru
   624 | D:1      | Reached * piety under Okawaru
   859 | D:1      | Reached skill level 2 in Long Blades
  1220 | D:2      | Gained mutation: You are partially covered in icy blue
                  | scales. (AC +2) [demonic ancestry]
  1220 | D:2      | Reached XP level 3. HP: 29/29 MP: 3/3
  1568 | D:2      | Reached XP level 4. HP: 35/36 MP: 4/4
  1957 | D:3      | Found an iron altar of Okawaru.
  2213 | D:3      | Noticed an ogre
  2225 | D:3      | Killed an ogre
  2226 | D:3      | Reached skill level 3 in Long Blades
  2226 | D:3      | Reached skill level 1 in Dodging
  2226 | D:3      | Gained mutation: You have large cloven feet. [demonic
                  | ancestry]
  2226 | D:3      | Reached XP level 5. HP: 28/42 MP: 5/5
  2233 | D:3      | Noticed a centaur
  2247 | D:3      | Killed a centaur
  2508 | D:4      | Found a large runed translucent door.
  2509 | D:4      | Found a large runed translucent door.
  2511 | D:4      | Noticed AverageBear's ghost (novice OpFi)
  2580 | D:4      | Reached XP level 6. HP: 48/48 MP: 6/6
  2654 | D:4      | Found a staircase to the Ecumenical Temple.
  2689 | D:4      | HP: 1/48 [ogre/+0 giant club (15)]
  2694 | D:4      | Reached ** piety under Okawaru
  2695 | D:4      | Reached skill level 4 in Long Blades
  3159 | D:4      | Reached XP level 7. HP: 35/55 MP: 7/7
  3452 | D:5      | Entered Level 5 of the Dungeon
  3460 | D:5      | Reached skill level 5 in Long Blades
  3682 | D:5      | Noticed Blork the orc
  3715 | D:5      | Killed Blork the orc
  3715 | D:5      | Reached *** piety under Okawaru
  3836 | D:5      | Noticed Edmund
  3860 | D:5      | Killed Edmund
  3861 | D:5      | Reached skill level 1 in Short Blades
  4117 | D:4      | Gained mutation: You are mostly covered in icy blue scales.
                  | (AC +3) [demonic ancestry]
  4117 | D:4      | Reached XP level 8. HP: 25/61 MP: 6/8
  4327 | D:5      | Reached skill level 5 in Fighting
  4327 | D:5      | Reached skill level 5 in Armour
  4531 | D:5      | Reached skill level 1 in Throwing
  4534 | D:5      | Reached **** piety under Okawaru
  4535 | D:5      | Reached skill level 1 in Invocations
  4564 | D:5      | Noticed Grinder
  4755 | D:5      | Found a sacrificial altar of Ru.
  5033 | D:5      | Killed Grinder
  5034 | D:5      | Gained mutation: When hurt, damage is shared between your
                  | health and your magic reserves. [demonic ancestry]
  5034 | D:5      | Reached XP level 9. HP: 68/68 MP: 9/9
  5290 | D:6      | Reached skill level 1 in Evocations
  5297 | D:6      | Reached skill level 5 in Short Blades
  5347 | D:6      | Found a sand-covered staircase.
  5356 | Ossuary  | Entered an ossuary
  5616 | Ossuary  | Received a gift from Okawaru
  6018 | D:6      | Identified the +0 ring mail of Noughts and Crosses {+Blink
                  | rC+ Slay+2}
  6660 | D:7      | Found the Hermit's Pendant {Faith Invo=14 Evo=0 MP+5}
  6708 | D:7      | Reached ***** piety under Okawaru
  6909 | D:7      | Found a flagged portal.
  6951 | Bailey   | Entered a bailey
  7174 | Bailey   | Reached XP level 10. HP: 72/77 MP: 20/20
  7449 | Bailey   | Found an iron altar of Okawaru.
  7457 | Bailey   | Identified the +0 shadow dragon scales of Avig Saq {Harm
                  | Regen+ Int-3 Stlth++++}
  7484 | Bailey   | Upgraded the game from 0.30.0-13-g156ef70053 to
                  | 0.30.0-15-g856e2d3f33
  7906 | D:8      | Found a bloodstained altar of Trog.
  7917 | D:8      | Received a gift from Okawaru
  8373 | D:8      | Found an opulent altar of Gozag.
  8448 | D:8      | Found a staircase to the Lair.
  8732 | D:8      | Received a gift from Okawaru
  8851 | D:9      | Found a staircase to the Orcish Mines.
  8853 | D:9      | Found Umuizyma's Weapon Shop.
  9188 | D:9      | Found a shadowy altar of Dithmenos.
  9291 | D:9      | Found a sparkling altar of Nemelex Xobeh.
  9384 | D:9      | Received a gift from Okawaru
  9385 | D:9      | Gained mutation: You have hoof-like feet. [demonic
                  | ancestry]
  9385 | D:9      | Reached XP level 11. HP: 76/86 MP: 21/21
  9595 | D:10     | Entered Level 10 of the Dungeon
  9735 | D:10     | Reached skill level 10 in Short Blades
  9765 | D:10     | Noticed a two-headed ogre
  9776 | D:10     | Killed a two-headed ogre
  9776 | D:10     | Reached ****** piety under Okawaru
  9776 | D:10     | Received a gift from Okawaru
  9917 | D:10     | Found a snail-covered altar of Cheibriados.
  9996 | D:10     | Found an ornate altar of the Wu Jian Council.
 10210 | D:10     | Found a basalt altar of Yredelemnul.
 10541 | D:10     | Noticed a two-headed ogre
 10550 | D:10     | Killed a two-headed ogre
 10678 | Orc:1    | Entered Level 1 of the Orcish Mines
 10678 | Orc:1    | Found a burning altar of Makhleb.
 10744 | Orc:1    | Noticed a two-headed ogre
 10759 | D:9      | Killed a two-headed ogre
 11104 | Orc:2    | Entered Level 2 of the Orcish Mines
 11122 | Orc:2    | Noticed an orc knight
 11157 | Orc:1    | Killed an orc knight
 11158 | Orc:1    | Reached skill level 10 in Fighting
 11172 | Orc:2    | Noticed an orc high priest
 11352 | Lair:1   | Entered Level 1 of the Lair of Beasts
 11540 | Lair:1   | Identified the +9 great sword of Overwhelming Force {heavy,
                  | rPois rN+} (Okawaru gifted it to you on level 1 of the Lair
                  | of Beasts)
 11540 | Lair:1   | Received a gift from Okawaru
 11561 | Lair:1   | Reached XP level 12. HP: 75/97 MP: 22/22
 11829 | Lair:1   | Reached skill level 6 in Long Blades
 11850 | Lair:1   | Reached skill level 7 in Long Blades
 12625 | Lair:2   | Received a gift from Okawaru
 12844 | Lair:2   | Reached skill level 8 in Long Blades
 13049 | Lair:2   | Identified the +0 pair of boots "Hyetaafu" {rElec} (Okawaru
                  | gifted it to you on level 2 of the Lair of Beasts)
 13049 | Lair:2   | Received a gift from Okawaru
 13319 | Lair:2   | Reached skill level 9 in Long Blades
 13511 | Lair:2   | Found a staircase to the Shoals.
 13868 | Lair:3   | Noticed Gastronok
 13881 | Lair:3   | Killed Gastronok
 13882 | Lair:3   | Reached skill level 10 in Long Blades
 13915 | Lair:3   | Identified the +0 leather armour of Misanthropy {rF+ rN+++
                  | rCorr Int+5 Stlth-}
 14362 | Lair:3   | Reached XP level 13. HP: 77/104 MP: 22/23
 14378 | Lair:3   | Reached skill level 11 in Long Blades
 14565 | Lair:3   | Found a staircase to the Snake Pit.
 14909 | Lair:3   | Gained mutation: You have hidden genetic defects. [potion
                  | of mutation]
 14909 | Lair:3   | Gained mutation: You have terrible hidden genetic defects.
                  | [potion of mutation]
 14909 | Lair:3   | Gained mutation: Your mind is acute. (Int +4, Str/Dex -1)
                  | [potion of mutation]
 15629 | Lair:4   | Identified the +0 pair of boots "Tiruc" {*Slow +Blink rCorr
                  | Str+3} (Okawaru gifted it to you on level 4 of the Lair of
                  | Beasts)
 15629 | Lair:4   | Received a gift from Okawaru
 15708 | Lair:4   | Noticed Josephine
 15716 | Lair:4   | Killed Josephine
 15717 | Lair:4   | Reached skill level 12 in Long Blades
 16188 | Lair:4   | Gained mutation: You are weak. (Str -2) [hidden defects]
 16558 | Lair:4   | Reached skill level 13 in Long Blades
 16929 | Lair:4   | Gained mutation: Armour fits poorly on your strangely
                  | shaped body. [hidden defects]
 16929 | Lair:4   | Lost mutation: You have terrible hidden genetic defects.
                  | [hidden defects expressed]
 17415 | Lair:5   | Entered Level 5 of the Lair of Beasts
 17475 | Lair:4   | Received a gift from Okawaru
 18446 | D:11     | Found the +18 Lear's hauberk
 18953 | D:11     | Reached skill level 14 in Long Blades
 19195 | D:11     | Gained mutation: You sometimes lose your temper in combat.
                  | [hidden defects]
 19419 | D:11     | Found Xiesch's CLEARANCE SALE!.
 19426 | D:11     | Bought a scroll of fear for 28 gold pieces
 19590 | D:12     | Noticed Snorg
 19598 | D:12     | Killed Snorg
 19599 | D:12     | Reached skill level 10 in Armour
 19682 | D:12     | Received a gift from Okawaru
 19683 | D:12     | Gained mutation: You have hooves in place of feet. [demonic
                  | ancestry]
 19683 | D:12     | Reached XP level 14. HP: 110/111 MP: 24/24
 20301 | D:12     | Noticed Frances
 20310 | D:12     | HP: 3/111 [Frances/+2 battleaxe of freezing (4)]
 20314 | D:12     | Killed Frances
 20327 | D:12     | Gained mutation: You are vulnerable to cold. (rC-) [hidden
                  | defects]
 20327 | D:12     | Lost mutation: You have hidden genetic defects. [hidden
                  | defects expressed]
 20906 | D:13     | Found a stormy altar of Qazlal.
 20949 | D:13     | Identified the +1 battleaxe "Hyghul" {drain, rElec rPois
                  | rF-} (Okawaru gifted it to you on level 13 of the Dungeon)
 20949 | D:13     | Received a gift from Okawaru
 21096 | D:13     | Reached skill level 15 in Long Blades
 21390 | D:13     | HP: 3/111 [12-headed hydra (4)]
 21391 | D:13     | Slain by a 13-headed hydra

Illustrated notes

Levels and vault maps discovered:
D:1:      dpeg_arrival_prison, layout_basic, chequers_ecumenical_altar_twisty,
          serial_forest, infiniplex_forest_straight_2,
          infiniplex_forest_lined_corner, infiniplex_forest_lined_3,
          infiniplex_forest_clump_curved, infiniplex_forest_diagonal,
          infiniplex_forest_zigzag_1, infiniplex_forest_clump_small,
          infiniplex_forest_clump_small, serial_park_tiny_pond
D:2:      minmay_angry_zag, layout_rooms
D:3:      layout_basic, okawaru_ov_weapons_minmay, solitary_fountain
D:4:      layout_loops_ring, lemuel_temple_firewalk_b,
          ebering_ghost_disaster_area
D:5:      layout_gridville, nicolae_overflow_crystal_walls,
          minmay_joined_circles, uniq_blork_the_orc, uniq_edmund, uniq_grinder
D:6:      layout_basic, nicolae_elyvilon_peaceful_grove,
          nicolae_ossuary_entry_ruins, minmay_unpleasant_kobolds
D:7:      layout_cave_pools, lemuel_coloured_pillars_altar, enter_bailey_5,
          kennysheep_potato
D:8:      layout_loops_ring, trog_three_pillars_becter,
          nicolae_gozag_cash_rules_everything_around_me, lair_entry_dummy,
          hangedman_incinerator
D:9:      layout_big_octagon, nicolae_dithmenos_shadow_blocks,
          mainiacjoe_overflow_24_doors, nicolae_overflow_hidden_temple,
          orc_david_3
D:10:     layout_roguey, amcnicky_altar_gilded, mainiacjoe_overflow_catwalk,
          mainiacjoe_overflow_six_doors_small, serial_undead, serial_undead_c,
          serial_undead_e, serial_undead_d, serial_undead_b
D:11:     layout_loops_corners, nicolae_shop_clearance
D:12:     layout_roguey, uniq_snorg, uniq_frances
D:13:     layout_roguey, nicolae_qazlal_general_emergency
Lair:1:   layout_chaotic_city
Lair:2:   layout_gridlike, elwin_shoals_entry_rocks, special_room
          [special_room_bee], dreamdust_gnoll_shepherd
Lair:3:   layout_cave_shapes, minmay_snake_entry_six_corridors,
          gauntlet_entry_generic, beast_lair_carwin_6, uniq_gastronok
Lair:4:   layout_big_grid, cheibrodos_lair_reptile_den, serial_bayou_shore_b,
          uniq_josephine
Lair:5:   hangedman_lair_caniforms_friends, layout_misc_corridors, wormcave,
          minmay_slime_entry_eyes
Orc:1:    layout_caves, serial_shops, shop, bloody_makhleb, uniq_maurice
Orc:2:    grunt_orc_community_town_hall, layout_caves,
          grunt_orc_community_big_house_2, grunt_orc_community_big_house_2,
          grunt_orc_community_house_2, grunt_orc_community_house_1,
          grunt_orc_community_house_1, grunt_orc_community_house_2,
          grunt_orc_community_house_1, serial_shops,
          nicolae_shop_overgrown_old_shop

Skill      XL: |  1  2  3  4  5  6  7  8  9 10 11 12 13 14 |
---------------+-------------------------------------------+-----
Armour         | 3 4 6 7 8 9 10 | 10.1
Long Blades    | 2 3 4 5 10 14 15 | 15.0
Dodging        | 1 2 3 |  3.1
Fighting       | 4 5 6 8 10 | 10.3
Short Blades   | 1 4 7 9 11 | 11.3
Throwing       | 1 2 |  2.0
Invocations    | 1 |  1.0
Evocations     | 1 |  1.0
Shields        | |  2.8

Action                     |  1- 3 |  4- 6 |  7- 9 | 10-12 | 13-15 || total
---------------------------+-------+-------+-------+-------+-------++-------
  Melee: Long sword        |    79 |    69 |       |       |       ||   148
         Punch             |     2 |       |     7 |    18 |     2 ||    29
         Great sword       |       |    54 |     6 |   182 |   241 ||   483
         Kick              |       |     3 |       |       |    32 ||    35
         Short sword       |       |       |   571 |   736 |       ||  1307
         Scimitar          |       |       |       |       |    95 ||    95
  Throw: Dart              |     5 |     1 |     8 |    26 |    15 ||    55
 Invoke: Heroism           |     1 |     1 |     1 |     5 |     2 ||    10
Ability: Evoke Blink       |       |       |       |     1 |       ||     1
  Evoke: Wand              |       |     2 |     2 |     4 |     6 ||    14
    Use: Potion            |       |     3 |     1 |     5 |     8 ||    17
         Scroll            |       |     2 |     6 |     6 |    14 ||    28
   Stab: Sleeping          |       |       |       |       |     1 ||     1
         Distracted        |       |       |       |       |     1 ||     1
 Armour: Scale mail        |    53 |    56 |    60 |       |       ||   169
         Plate armour      |       |       |   186 |       |       ||   186
         Ring mail         |       |       |    69 |   333 |   257 ||   659
  Dodge: Dodged            |    50 |    87 |   250 |   921 |   598 ||  1906
         Repelled          |       |       |       |       |     6 ||     6
